 Seeded DCSS version 0.29.1-12-g30fa7ad0bf (webtiles) character file.

Game seed: 8067774122993711936 (custom seed)

163 kingsuperguy the Cudgeller (level 5, -3/47 HPs)
             Began as a Minotaur Berserker on Dec 17, 2022.
             Was a Believer of Trog.
             Killed by divine providence
             ... invoked by an orc priest
              (14 damage)
             ... on level 3 of the Dungeon.
             The game lasted 00:02:50 (1832 turns).

kingsuperguy the Cudgeller (Minotaur Berserker)     Turns: 1832, Time: 00:02:52

Health: -3/47      AC:  5    Str: 28    XL:     5   Next: 20%
Magic:  4/4        EV: 11    Int:  6    God:    Trog [**....]
Gold:   125        SH:  0    Dex:  9    Spells: 4/4 levels left

rFire   . . .      SeeInvis .   h - +0 flail (drain)
rCold   . . .      Faith    .   (no shield)
rNeg    . . .      Spirit   .   g - +0 ring mail
rPois   .          Reflect  .   (helmet restricted)
rElec   .          Harm     .   (no cloak)
rCorr   +          Rampage  .   (no gloves)
Will    .....                   (no boots)
Stlth   ..........              (no amulet)
HPRegen 0.15/turn               i - +6 ring of strength
MPRegen 0.09/turn               l - ring of resist corrosion

@: no status effects
A: horns 2, retaliatory headbutt
a: Renounce Religion, Berserk, Trog's Hand


You were on level 3 of the Dungeon.
You worshipped Trog.
Trog was pleased with you.
You visited 1 branch of the dungeon, and saw 3 of its levels.

You collected 125 gold pieces.

Inventory:

Hand Weapons
 a - a +0 mace
 h - a +0 flail of draining (weapon)
Missiles
 f - 4 javelins (quivered)
Armour
 b - a +0 animal skin
 g - a +0 ring mail (worn)
Jewellery
 e - an amulet of magic regeneration
 i - a +6 ring of strength (left hand)
 l - a ring of resist corrosion (right hand)
Scrolls
 m - a scroll of enchant armour {unknown}
Potions
 c - a potion of invisibility {unknown}
 d - 3 potions of mutation {unknown}
 j - a potion of might {unknown}
 k - 2 potions of brilliance {unknown}
 n - a potion of haste {unknown}
 o - a potion of degeneration {unknown}


   Skills:
 + Level 4.8 Fighting
 + Level 5.6 Maces & Flails
 + Level 3.4 Armour
 + Level 2.7 Dodging


You had 4 spell levels left.
You didn't know any spells.
Your spell library was empty.

Dungeon Overview and Level Annotations

Branches:
Dungeon (3/15)

Altars:

Shops:
D:1 [   D:2 (


Innate Abilities, Weirdness & Mutations

You have a pair of horns on your head.
You reflexively headbutt those who attack you in melee.


Message History

The endoplasm quivers.
The orc misses you. You furiously retaliate!
You headbutt the orc!
You kill the orc!
Trog accepts your kill.
The orc priest hits you with a +0 hand axe.
The adder bites you but does no damage.
You hit the adder. You drain the adder.
The adder is heavily wounded.
You feel sick. The adder barely misses you. The orc barely misses you.
The orc hits you with a +0 falchion.
The orc priest looks satisfied for a moment.
The endoplasm hits you. The adder bites you but does no damage.
You sock the adder!
You kill the adder!
Trog accepts your kill.
You feel sick.
You are no longer poisoned.
The endoplasm barely misses you.
The orc priest invokes the aid of Beogh against you.
Beogh smites you!
* * * LOW HITPOINT WARNING * * *
The orc hits you but does no damage. The orc misses you.
You furiously retaliate!
You headbutt the orc!
You kill the orc!
Trog accepts your kill. The orc attacks as you move away!
The orc hits you but does no damage.
The orc priest attacks as you move away!
The orc priest completely misses you. You furiously retaliate!
You headbutt the orc priest.
The orc priest hits you with a +0 hand axe.
* * * LOW HITPOINT WARNING * * *
There is a stone staircase leading up, spattered with blood here.
You can't go down here!
The endoplasm closely misses you. You furiously retaliate!
You headbutt the endoplasm!
You kill the endoplasm!
Trog accepts your kill.
The orc priest mumbles some strange prayers to Beogh against you.
Beogh smites you!
You die...

.........
.........
........$
........#
#.>....J#
#.......#
#.....r.##
#.....†oo#
#......o@#
.......o.....#
##..########...#
## ..


You could see 2 orc priests, 2 orcs, an endoplasm and a rat.

Vanquished Creatures
  A necrophage (D:2)
  4 gnolls (D:2)
  An adder (D:3)
  A dart slug (D:1)
  2 orcs (D:3)
  2 bats
  3 endoplasms
  3 giant cockroaches
  6 goblins
  3 hobgoblins
  4 jackals (D:2)
  A quokka (D:1)
  5 ball pythons
  6 frilled lizards
  5 kobolds
  3 rats
50 creatures vanquished.

Notes
Turn   | Place    | Note
-------+----------+-------------------------------------------
     0 | D:1      | kingsuperguy the Minotaur Berserker began the quest for the
                  | Orb.
     0 | D:1      | Reached XP level 1. HP: 19/19 MP: 0/0
    38 | D:1      | Found Woicy's Armour Shop.
   113 | D:1      | Reached skill level 4 in Maces & Flails
   113 | D:1      | Reached XP level 2. HP: 27/27 MP: 1/1
   276 | D:1      | You fall into a shaft and drop 1 floor!
   297 | D:2      | Reached XP level 3. HP: 30/33 MP: 2/2
   477 | D:2      | Found Nuobymm's Weapon Emporium.
   785 | D:1      | Reached XP level 4. HP: 41/41 MP: 3/3
   903 | D:1      | Found a faded altar of an unknown god.
  1327 | D:2      | Noticed a necrophage
  1335 | D:2      | Killed a necrophage
  1335 | D:2      | Reached ** piety under Trog
  1336 | D:2      | Reached skill level 5 in Maces & Flails
  1336 | D:2      | Reached XP level 5. HP: 35/47 MP: 4/4
  1832 | D:3      | Killed from afar by an orc priest

Illustrated notes

Levels and vault maps discovered:
D:1:      eino_arrival_tree_alley, layout_basic,
          hellmonk_ecumenical_altar_inner_sanctum, serial_shops,
          nicolae_shop_hallway_stairs
D:2:      layout_basic, serial_shops, nicolae_shop_bloodbath_and_beyond
D:3:      layout_rooms, serial_shops, nicolae_shop_crystal, shop_scrolls

Skill      XL: |  1  2  3  4 |
---------------+-------------+-----
Maces & Flails | 4 5 |  5.6
Fighting       | 4 |  4.8
Armour         | 3 |  3.4
Dodging        | |  2.7

Action                   |  1- 3 |  4- 6 || total
-------------------------+-------+-------++-------
Melee: Mace              |    23 |       ||    23
       Headbutt          |     4 |     3 ||     7
       Flail             |    16 |    43 ||    59
Invok: Berserk           |     1 |       ||     1
Armor: Animal skin       |     3 |       ||     3
       Ring mail         |     9 |    16 ||    25
Dodge: Dodged            |    20 |    33 ||    53
